 Dungeon Crawl Stone Soup version 0.31-a0-187-gba352fbbf7 (webtiles) character file.

Game seed: 16140836766797597237

7 qw the Shooter (level 1, 0/12 HPs)
             Began as a Deep Elf Hunter on June 22, 2023.
             Succumbed to their own poison gas
             ... on level 1 of the Dungeon.
             The game lasted 00:00:08 (664 turns).

qw the Shooter (Deep Elf Hunter)                     Turns: 664, Time: 00:00:09

Health: 0/12       AC:  6    Str:  8    XL:     1   Next: 91%
Magic:  3/3        EV: 10    Int: 13    God:
Gold:   49         SH:  0    Dex: 18    Spells: 0/0 levels left

rFire   . . .        Y - +0 shortbow
rCold   . . .        (shield currently unavailable)
rNeg    . . .        j - +0 ring mail
rPois   .            h - +0 helmet
rElec   .            (no cloak)
rCorr   .            (no gloves)
SInv    .            (no boots)
Will    .....        (no amulet)
Stlth   +            (no ring)
HPRegen 0.22/turn    (no ring)
MPRegen 0.08/turn

%: no passive effects
@: lethally poisoned (0 -> -11)
A: no striking features
a: no special abilities


You were on level 1 of the Dungeon.
You visited 1 branch of the dungeon, and saw 1 of its levels.

You collected 49 gold pieces.


   Skills:
 - Level 1.5 Fighting
 + Level 5.9 Ranged Weapons
 - Level 2.4 Dodging
 - Level 1.2 Stealth


You couldn't memorise any spells.
You didn't know any spells.
Your spell library was empty.

Inventory:

Hand Weapons
 Y - a +0 shortbow (weapon)
Armour
 h - a +0 helmet (worn)
 j - a +0 ring mail (worn)
Potions
 d - a potion of mutation {unknown}
 g - a potion of cancellation {unknown}
 i - a potion of heal wounds

Dungeon Overview and Level Annotations

Branches:
Dungeon (1/15)

Altars:

Shops:
D:1 (


Message History

Done exploring.
659 ||| READING scroll labelled NAORO KANI.
The air fills with toxic fumes!
As you read the scroll labelled NAORO KANI, it crumbles to dust.
It was a scroll of poison.
Done exploring.
660 ||| DRINKING 2 red potions.
It was a potion of heal wounds.
You feel much better.
Done exploring.
661 ||| DROPPING scroll of butterflies.
You drop a scroll of butterflies.
Done exploring.
(D) Dungeon
Where to? (* - list waypoints, ? - help)
What level of the Dungeon? (default 1, ? - help) Sorry, I don't know how to get there.
Enter note:
Enter note:
Enter note:
Enter note:
Enter note:
Enter note:
Enter note:
Enter note:
Enter note:
Enter note:
Enter note:
Enter note:
Enter note:
Enter note:
Enter note: Really walk into that cloud of poison gas?
You are engulfed in poison gas.
You are lethally poisoned!
You feel very sick.
663 ||| Stepping ~*~*~tactically~*~*~ (cloud).
You feel very sick.
Things that are here:
a scroll of butterflies; a +0 leather armour
There is a lethal amount of poison in your body!
You die...

#....# #...........
#¤¤¤¤# #...........
#¤¤¤¤# #.....(.....
#¤0¤¤# #####.######
#¤¤¤¤#########'######
#¤¤¤¤#............\..
#¤¤¤¤#..........#....
#¤¤¤¤#........).#....
#¤¤¤@#..........#....
#¤¤0¤#..........#....
#¤¤¤¤#..........####+
#¤¤¤¤#..........# #.
#0¤¤¤###...#########.
#¤¤¤¤# #(..###.....#.
#¤¤¤¤# #...#.......#.
###### #...#.......#.
#...#.......#.


There were no monsters in sight!

Vanquished Creatures
  2 ball pythons (D:1)
  2 goblins (D:1)
  A hobgoblin (D:1)
  A kobold (D:1)
  A rat (D:1)
7 creatures vanquished.

Notes
Turn   | Place    | Note
-------+----------+-------------------------------------------
     0 | D:1      | qw the Deep Elf Hunter began the quest for the Orb.
     0 | D:1      | Reached XP level 1. HP: 12/12 MP: 3/3
     0 | D:1      | 0 ||| qw: Version: 0.3-a-9-g12657ce
     0 | D:1      | 0 ||| qw: Game counter: 2470
     0 | D:1      | 0 ||| qw: Always use a shield: true
     0 | D:1      | 0 ||| qw: God list: Okawaru
     0 | D:1      | 0 ||| qw: Allow faded altars: false
     0 | D:1      | 0 ||| qw: Do Orc after D:15 true
     0 | D:1      | 0 ||| qw: Do second Lair branch before Depths: true
     0 | D:1      | 0 ||| qw: Lair rune preference: random
     0 | D:1      | 0 ||| qw: Plans: Normal
     0 | D:1      | 0 ||| PLANNING D:1-11
    92 | D:1      | Found Ystag's Weapon Shoppe.
   105 | D:1      | 105 ||| SHOPLISTING +4 orcbow of freezing (367 gold, have
                  | 13).
   641 | D:1      | 641 ||| UPGRADING to +0 helmet.
   646 | D:1      | 646 ||| UPGRADING to +0 ring mail.
   656 | D:1      | 656 ||| DROPPING +0 leather armour.
   657 | D:1      | 657 ||| READING scroll labelled MOEBIPU YCUUC.
   658 | D:1      | 658 ||| READING scroll labelled ZUGYTEFERE.
   659 | D:1      | 659 ||| READING scroll labelled NAORO KANI.
   660 | D:1      | 660 ||| DRINKING 2 red potions.
   661 | D:1      | 661 ||| DROPPING scroll of butterflies.
   663 | D:1      | 663 ||| Stepping ~*~*~tactically~*~*~ (cloud).
   663 | D:1      | HP: 3/12 [poisoned by you (poison gas)]
   664 | D:1      | Succumbed to their own poison gas

Levels and vault maps discovered:
D:1:      mushboom_english_gardens, layout_basic, serial_shops, shop

Action                     || total
---------------------------++-------
   Fire: Shortbow          ||    12
    Use: Scroll            ||     3
         Potion            ||     1
 Armour: Leather armour    ||     1
  Dodge: Dodged            ||     2

Table legend:
 A = Non-vault XP
 B = Vault XP
 C = Vault XP percentage of total XP
 D = Non-vault monster count
 E = Vault monster count
 F = Vault count percentage of total count
                 A         B        C        D         E       F
            +---------+---------+-------+---------+---------+-------
      Total |      11 |       0 |   0.0 |       7 |       0 |   0.0
            +---------+---------+-------+---------+---------+-------
        D:1 |      11 |       0 |   0.0 |       7 |       0 |   0.0
            +---------+---------+-------+---------+---------+-------
